 Dungeon Crawl Stone Soup version 0.26-a0-651-gb41185065b (webtiles) character file.

Game seed: 7194431810833713668

4608 Flugslaktarn the Cleaver (level 10, -2/96 HPs)
             Began as a Deep Dwarf Fighter on Oct 7, 2020.
             Was an Initiate of Makhleb.
             Slain by an orc knight
             ... wielding a +0 battleaxe
              (31 damage)
             ... in a bailey.
             The game lasted 00:03:49 (5259 turns).

Flugslaktarn the Cleaver (Deep Dwarf Fighter)       Turns: 5259, Time: 00:03:49

Health: -2/96      AC: 17    Str: 21    XL:     10   Next: 19%
Magic:  15/15 (6)  EV:  8    Int:  9    God:    Makhleb [......]
Gold:   501        SH: 11    Dex: 12    Spells: 9/9 levels left

rFire    + + .     SeeInvis .   C - +11 hand axe "Byusm" {holy, rF++}
rCold    . . .     Faith    .   c - +0 kite shield
rNeg     . . .     Spirit   .   p - +0 chain mail
rPois    .         Reflect  .   y - +0 hat of Inevitability {rCorr MP+9 Dex-2 Stlth+}
rElec    .         Harm     .   D - +2 cloak
rCorr    +         Rampage  .   n - +1 pair of gloves
MR       ++...                  A - +0 pair of boots
Stlth    ..........             (no amulet)
HPRegen  0.00/turn              k - ring of resist corrosion
MPRegen  0.14/turn              m - ring of protection from magic

@: mighty, marked, non-regenerating
A: damage resistance, heal wounds, sense surroundings 2, no regeneration
a: Heal Wounds, Renounce Religion


You were in a bailey.
You worshipped Makhleb.
Makhleb was noncommittal.
You visited 2 branches of the dungeon, and saw 10 of its levels.
You also visited: Bailey.

You collected 501 gold pieces.

Inventory:

Hand Weapons
 a - a +1 war axe
 C - the +11 hand axe "Byusm" (weapon) {holy, rF++}
   (You found it on level 8 of the Dungeon)

   It has been blessed by the Shining One to cause great damage to the undead
   and demons.
   It greatly protects you from fire.
Armour
 c - a +0 kite shield (worn)
 n - a +1 pair of gloves (worn)
   (You found it on level 5 of the Dungeon)
 p - a +0 chain mail (worn)
   (You found it on level 4 of the Dungeon)
 y - the +0 hat of Inevitability (worn) {rCorr MP+9 Dex-2 Stlth+}
   (You found it on level 7 of the Dungeon)

   It affects your dexterity (-2).
   It affects your magic capacity (+9).
   It provides partial protection from all sources of acid and corrosion.
   It makes you more stealthy.
 A - a +0 pair of boots (worn)
   (You found it on level 8 of the Dungeon)
 D - a +2 cloak (worn)
   (You found it on level 8 of the Dungeon)
Jewellery
 k - a ring of resist corrosion (left hand)
   (You found it on level 5 of the Dungeon)
 m - a ring of protection from magic (right hand)
   (You found it on level 7 of the Dungeon)
Wands
 f - a wand of iceblast (7)
   (You found it on level 8 of the Dungeon)
Scrolls
 h - a scroll of enchant weapon
 l - 2 scrolls of fog
 t - 3 scrolls of teleportation
 u - a scroll of amnesia {unknown}
 x - 7 scrolls of remove curse
 z - a scroll of blinking
 B - a scroll of immolation
Potions
 b - a potion of magic
 d - a potion of might
 e - 4 potions of stabbing
 g - 5 potions of flight
 i - a potion of invisibility {unknown}
 j - 3 potions of heal wounds {unknown}
 o - a potion of brilliance {unknown}
 q - 2 potions of curing
 r - a potion of degeneration {unknown}
 s - a potion of cancellation {unknown}
 w - 3 potions of lignification


   Skills:
 * Level 8.2 Fighting
 * Level 9.5 Axes
 + Level 7.2 Armour
 + Level 3.3 Dodging
 + Level 7.3 Shields
 + Level 1.3 Invocations


You had 9 spell levels left.
You didn't know any spells.
Your spell library was empty.

Dungeon Overview and Level Annotations

Branches:
Dungeon (9/15)             Temple (1/1) D:6          Bailey (1/1)
   Lair: D:8-11         Orc: D:9-12

Altars:
Ashenzari
Cheibriados
Dithmenos
Elyvilon
Fedhas
Gozag
Hepliaklqana
Kikubaaqudgha
Makhleb
Nemelex Xobeh
Okawaru
Qazlal
Ru
Sif Muna
Trog
Uskayaw
Vehumet
Wu Jian
Xom
Yredelemnul
Zin
The Shining One


Innate Abilities, Weirdness & Mutations

You are resistant to damage.
You can heal yourself by infusing magical energy.
You passively map the area around you.
You do not regenerate.


Message History

The orc knight barely misses you.
The kobold throws a boomerang.
You block the boomerang.
The weapon returns to the kobold!
The kobold throws a boomerang.
You block the boomerang.
The weapon returns to the kobold!
You feel much better.
The kobold throws a boomerang.
You block the boomerang.
The orc knight hits you with a +0 battleaxe!!
The kobold throws a boomerang.
The boomerang hits you but does no damage.
The weapon returns to the kobold!
You hit the orc knight.
The orc knight is moderately wounded.
The orc knight hits you with a +0 battleaxe!
You are too injured to fight recklessly!
You are too injured to fight recklessly!
You fail to use your ability.
The kobold hits you but does no damage.
You barely miss the orc knight.
The orc knight is moderately wounded.
You closely miss the kobold.
The orc knight hits you with a +0 battleaxe!!
You die...

#..∩......####
*#.............####
*#≈≈≈≈≈≈≈≈≈........###
≈≈≈≈≈≈≈≈≈≈≈≈≈≈.......## *
≈≈≈#########≈≈≈≈≈......##
≈
≈≈K#...ggK.#∩≈≈≈≈≈≈.....#*
≈ ≈ ##
#.......####()≈≈≈≈≈≈≈≈ ≈≈
, ,
####'####..#()...≈≈≈≈≈≈ *
,.^..gKo@KK.###......#≈ ≈
' ####o####()'.#.....###*
,, , #..###.......# * , *
, ,#..#....⌠..... * * * ,
##K#.........# * ,,, *
#...........## * ,
.............#### * * *
.#############


You could see 2 orc knights, a hobgoblin and 3 kobolds.

Vanquished Creatures
  A two-headed ogre (D:8)
  A troll (D:9)
  A hippogriff (D:7)
  4 orc warriors
  2 ice beasts
  A sky beast (D:5)
  3 black bears
  A phantom (D:7)
  2 ogres
  3 centaurs
  2 bullfrogs
  A gnoll sergeant (D:6)
  A wyvern skeleton (D:8)
  3 scorpions
  3 killer bees (D:8)
  4 wights (D:7)
  2 howler monkeys
  A crimson imp (D:5)
  2 quasits
  A bullfrog zombie (D:8)
  A centaur skeleton (D:6)
  3 hounds
  9 orc priests
  6 orc wizards
  2 bullfrog skeletons
  2 iguanas
  Natasha (twice) (D:2)
  5 worker ants
  A hound zombie (D:6)
  A hound skeleton (D:8)
  10 adders
  9 gnolls
  6 river rats (D:6)
  A shadow imp (D:7)
  4 white imps
  An ufetubus (D:6)
  2 adder skeletons
  An adder zombie (D:5)
  A worm (D:2)
  2 dart slugs
  5 leopard geckos
  21 orcs
  2 bats (D:3)
  5 giant cockroaches
  9 goblins
  10 hobgoblins
  6 jackals
  10 quokkas
  2 frilled lizards
  A goblin skeleton (D:5)
  2 goblin zombies (D:5)
  2 hobgoblin zombies (D:5)
  12 kobolds
  2 kobold skeletons (D:5)
  A kobold zombie (D:5)
  A leopard gecko skeleton (D:4)
  An orc skeleton (D:5)
  16 rats
  A spectral orc (D:4)
217 creatures vanquished.

Notes
Turn   | Place    | Note
-------+----------+-------------------------------------------
     0 | D:1      | Flugslaktarn the Deep Dwarf Fighter began the quest for the
                  | Orb.
     0 | D:1      | Reached XP level 1. HP: 20/20 MP: 1/1
    89 | D:1      | Reached XP level 2. HP: 27/27 MP: 2/2
   139 | D:2      | Reached XP level 3. HP: 25/34 MP: 3/3
   152 | D:2      | Noticed Natasha
   154 | D:2      | Reached skill level 3 in Axes
   160 | D:2      | Killed Natasha
   160 | D:2      | Reached XP level 4. HP: 26/42 MP: 4/4
   181 | D:2      | Noticed Natasha
   196 | D:2      | Killed Natasha
   214 | D:3      | Found a blossoming altar of Fedhas.
   411 | D:5      | Entered Level 5 of the Dungeon
   634 | D:4      | Reached XP level 5. HP: 28/50 MP: 5/5
   796 | D:4      | Found a shimmering blue altar of Sif Muna.
   860 | D:4      | Found a basalt altar of Yredelemnul.
   930 | D:4      | Reached skill level 4 in Axes
  1351 | D:5      | Noticed a sky beast
  1364 | D:5      | Killed a sky beast
  1364 | D:5      | Reached XP level 6. HP: 14/58 MP: 5/5
  1366 | D:5      | Noticed an ice beast
  1384 | D:5      | Killed an ice beast
  1414 | D:5      | Found a glowing golden altar of the Shining One.
  1433 | D:5      | Reached skill level 5 in Axes
  1470 | D:5      | Reached XP level 7. HP: 42/66 MP: 1/6
  1838 | D:5      | Reached skill level 5 in Fighting
  2058 | D:6      | Reached skill level 5 in Armour
  2058 | D:6      | Reached skill level 5 in Shields
  2146 | D:6      | Reached skill level 6 in Axes
  2163 | D:6      | Reached XP level 8. HP: 51/75 MP: 7/7
  2507 | D:6      | Reached skill level 7 in Axes
  2612 | D:6      | Found a sacrificial altar of Ru.
  2647 | D:6      | Found a staircase to the Ecumenical Temple.
  2660 | D:6      | Found a bloodstained altar of Trog.
  2661 | D:6      | Found an iron altar of Okawaru.
  2861 | D:7      | Noticed a hippogriff
  2875 | D:7      | Killed a hippogriff
  2875 | D:7      | Gained mutation: You passively map the area around you.
                  | [Deep Dwarf growth]
  2875 | D:7      | Reached XP level 9. HP: 36/85 MP: 5/5
  2931 | D:7      | Reached skill level 8 in Axes
  3058 | D:7      | Reached skill level 1 in Dodging
  3387 | D:7      | Got a glimmering hat
  3393 | D:7      | Identified the +0 hat of Inevitability {rCorr MP+9 Dex-2
                  | Stlth+} (You found it on level 7 of the Dungeon)
  3788 | D:8      | Got a bloodstained hand axe
  3789 | D:8      | Identified the +11 hand axe "Byusm" {holy, rF++} (You found
                  | it on level 8 of the Dungeon)
  3870 | D:8      | Noticed a two-headed ogre
  3881 | D:8      | Killed a two-headed ogre
  3881 | D:8      | Reached skill level 9 in Axes
  3909 | D:8      | Found an opulent altar of Gozag.
  4065 | Temple   | Entered the Ecumenical Temple
  4505 | D:3      | Reached XP level 10. HP: 65/96 MP: 5/5
  4639 | D:3      | Found a white marble altar of Elyvilon.
  4645 | D:3      | Found a burning altar of Makhleb.
  4648 | D:3      | Found an ornate altar of the Wu Jian Council.
  4699 | D:3      | Became a worshipper of Makhleb the Destroyer
  4857 | D:8      | Found a sparkling altar of Nemelex Xobeh.
  5154 | D:9      | Reached skill level 1 in Invocations
  5168 | D:9      | Found a flagged portal.
  5182 | Bailey   | Entered a bailey
  5224 | Bailey   | Identified the +4 chain mail of Hairiness {rElec rPois rN+}
  5243 | Bailey   | Noticed an orc knight
  5250 | Bailey   | Noticed an orc knight
  5259 | Bailey   | Slain by an orc knight

Illustrated notes

Levels and vault maps discovered:
D:1:      eino_arrival_water_cross, layout_loops_ring, roderic_serpentine_path
D:2:      layout_rooms, kennysheep_generic_room_10, uniq_jessica, uniq_terence,
          uniq_natasha
D:3:      layout_loops_ring, minitemple, fedhas_ov_isle_minmay
D:4:      layout_basic, yredelemnul_forgotten_temple_becter, led_sif_pool
D:5:      layout_loops_ring, nicolae_tso_besieged_by_evil
D:6:      lemuel_ratsnest, layout_rooms, grunt_temple_overflow_bloody_war,
          temple_statues, serial_rivers, chequers_serial_rivers_micro_d,
          chequers_serial_rivers_marsh, chequers_serial_rivers_large_a,
          chequers_serial_rivers_micro_a, minmay_misc_feat_doors,
          minmay_statues_item, hangedman_ru_absence
D:7:      layout_rooms, minmay_fractal_squares_diagonal_5
D:8:      layout_loops_ring, kennysheep_mini, grunt_gozag_breadcrumbs
D:9:      layout_roguey [special_room_orc], enter_bailey_3
Temple:   oiseaux_autumnal_temple
Bailey:   bailey_axe_4, bailey

Skill      XL: |  1  2  3  4  5  6  7  8  9 10 |
---------------+-------------------------------+-----
Fighting       | 3 4 5 6 8 |  8.2
Axes           | 3 4 5 6 7 9 |  9.5
Armour         | 4 5 6 7 |  7.2
Shields        | 4 5 6 7 |  7.3
Dodging        | 3 |  3.3
Invocations    | 1 |  1.3

Action                   |  1- 3 |  4- 6 |  7- 9 | 10-12 || total
-------------------------+-------+-------+-------+-------++-------
Melee: War axe           |    35 |   160 |   460 |       ||   655
       Hand axe          |       |       |    44 |    92 ||   136
 Abil: Heal Wounds       |       |     5 |    23 |     2 ||    30
  Use: Scroll            |       |     7 |     5 |       ||    12
       Potion            |       |       |       |     2 ||     2
Armor: Scale mail        |    18 |    34 |       |       ||    52
       Chain mail        |       |    33 |   304 |    55 ||   392
Dodge: Dodged            |    14 |    35 |   154 |    25 ||   228
Block: Kite shield       |    21 |    85 |   299 |    78 ||   483

Table legend: (Time is in decaauts)
 A = Elapsed time spent in this place.
 B = Non-inter-level travel time spent in this place.
 C = Inter-level travel time spent in this place.
 D = Time resting spent in this place.
 E = Time spent auto-exploring this place.
 F = Levels seen in this place.
 G = Mean time per level.
                   A        B        C        D        E       F      G
               +--------+--------+--------+--------+--------+-----+--------+
         Total |   5455 |   4860 |    595 |      0 |   3324 |  11 |  495.9 |
       Dungeon |   5165 |   4580 |    585 |      0 |   3107 |   9 |  573.9 |
        Temple |    215 |    206 |      9 |      0 |    205 |   1 |  215.0 |
        Bailey |     73 |     73 |      0 |      0 |     11 |   1 |   73.0 |
               +--------+--------+--------+--------+--------+-----+--------+

Top non-repeatable levels by time:
     D:4: 1010 daAuts
     D:6: 902 daAuts
     D:8: 802 daAuts
     D:5: 802 daAuts
     D:7: 755 daAuts
     D:3: 539 daAuts
  Temple: 215 daAuts
     D:1: 135 daAuts
     D:2: 110 daAuts
     D:9: 106 daAuts
  Bailey: 73 daAuts
